AoeStats
← Lord Reed 5th

Arabia

510128393Analyzed
1v1 RM · 3d ago on Sep 29, 2026· 21m 12s· 2 players
Game mode
Random Map
Map size
Tiny (2 player)
Population
200
Speed
Normal
Resources
Standard
Victory
Conquest
Starting age
Dark Age
Ending age
Imperial Age
RankedLock teamsTeams togetherTeam positionsShared explorationLock speedFull tech treeHidden civsTurbo modeCheats
Victory
Defeat
🇹🇼 Britons · Taiwan
1215
+15
🇬🇧 Japanese · United Kingdom
1195
-15
Lord Reed 5th
4:38 Loom
9:52 Feudal Age
9:58 Man-at-Arms
15:25 Scale Mail Armor
20:38 Padded Archer Armor
漢堡君
6:02 Loom
8:52 Feudal Age
9:20 Double-Bit Axe
13:44 Fletching
21:04 Castle Age
18:56 Gold Mining
19:45 Horse Collar
21:43 Bodkin Arrow
21:09 Crossbowman
Connection lost

Rejoining the realm…

Still unreachable

The connection could not be restored.

Session expired

The server has moved on; the page needs a fresh start.